 Dungeon Crawl Stone Soup version 0.30.0-10-gfe55d96785 (webtiles) character file.

Game seed: 10341238965215258291

29599 qw the Cleaver (level 13, -6/84 HPs)
             Began as a Gargoyle Cinder Acolyte on May 16, 2023.
             Was a High Priest of Okawaru.
             Mangled by a komodo dragon (9 damage)
             ... on level 3 of the Lair of Beasts.
             The game lasted 00:06:45 (12123 turns).

qw the Cleaver (Gargoyle Cinder Acolyte)           Turns: 12123, Time: 00:06:45

Health: -6/84      AC: 36    Str: 27    XL:     13   Next: 46%
Magic:  13/18      EV: 14    Int: 17    God:    Okawaru [*****.]
Gold:   774        SH: 11    Dex:  5    Spells: 14/14 levels left

rFire   . . .        Y - +2 war axe (flame)
rCold   . . .        n - +0 buckler
rNeg    + . .        c - +1 plate armour
rPois   inf          a - +0 helmet
rElec   +            e - +0 cloak
rCorr   .            h - +0 pair of gloves
SInv    .            m - +2 pair of boots
Will    .....        p - amulet of reflection Stlth
                     l - +5 ring of evasion
HPRegen 0.34/turn    j - +6 ring of strength
MPRegen 0.16/turn

%: reflection
@: heroic, finesse-ful
A: sickness immunity, AC +9, negative energy resistance 1, electricity
resistance, torment resistance 1, petrification resistance
a: Renounce Religion, Heroism, Finesse, Duel


You were on level 3 of the Lair of Beasts.
You worshipped Okawaru.
Okawaru was extremely pleased with you.
You visited 3 branches of the dungeon, and saw 16 of its levels.
You also visited: Ossuary.

You collected 1027 gold pieces.
You spent 253 gold pieces at shops.


Innate Abilities, Weirdness & Mutations

You are immune to sickness and miasma.
Your stone body is resilient. (AC +9)
You are immune to poison.
You resist negative energy. (rN+)
You are resistant to electric shocks. (rElec)
You are resistant to unholy torment.
You are immune to petrification.


   Skills:
 - Level 11.0(16.0) Fighting
 - Level 14.0(19.0) Axes
 - Level 3.0(8.0) Throwing
 + Level 10.2(15.2) Armour
 - Level 1.1(6.1) Dodging
 - Level 7.2(12.2) Shields
 - Level 1.0 Spellcasting
 - Level 3.0 Fire Magic
 + Level 7.9 Invocations


You had 14 spell levels left.
You didn't know any spells.
Your spell library contained the following spells:

 Spells                   Type           Power      Damage    Failure   Level
 Scorch                   Fire           22%        2d5       54%         2

Inventory:

Hand Weapons
 Y - a +2 war axe of flaming (weapon)
Missiles
 q - a silver boomerang (quivered)
 r - 12 boomerangs
Armour
 a - a +0 helmet (worn)
 c - a +1 plate armour (worn)
 e - a +0 cloak (worn)
 h - a +0 pair of gloves (worn)
 m - a +2 pair of boots (worn)
 n - a +0 buckler (worn)
Jewellery
 j - a +6 ring of strength (right hand)
 l - a +5 ring of evasion (left hand)
 p - an amulet of reflection (around neck)
Wands
 o - a wand of digging (3)
Scrolls
 f - 13 scrolls of identify
Potions
 b - 8 potions of curing
 d - a potion of mutation
 i - 3 potions of haste
 k - 5 potions of might
 t - 3 potions of resistance

Dungeon Overview and Level Annotations

Branches:
Dungeon (10/15)            Temple (1/1) D:7            Lair (5/5) D:10
    Orc (0/2) D:9         Ossuary (visited)
  Swamp: Lair:2-3    Shoals: Lair:2-3     Snake: Lair:2-3    Spider: Lair:2-3
  Slime: Lair:4-5

Altars:
Ashenzari
Cheibriados
Dithmenos
Elyvilon
Fedhas
Gozag
Hepliaklqana
Kikubaaqudgha
Makhleb
Nemelex Xobeh
Okawaru
Qazlal
Ru
Sif Muna
Trog
Uskayaw
Vehumet
Wu Jian
Xom
Yredelemnul
Zin
The Shining One

Shops:
D:2 ?   D:3 :   D:6 **(*?

Annotations:
D:6 2 transporters


Message History

The blink frog is engulfed in calcifying dust.
The cane toad stings you.
The blink frog blinks!
You slice the cane toad!! You burn the cane toad!
You kill the cane toad!
Okawaru accepts your kill.
You hit the komodo dragon. You burn the komodo dragon. You slash the elephant!
You burn the elephant.
The blink frog is engulfed in calcifying dust.
You block the komodo dragon's attack.
You slash the elephant! You burn the elephant.
The elephant is almost dead.
You hit the komodo dragon but do no damage.
The elephant tramples you but does no damage.
You block the elephant's attack.
The blink frog is engulfed in calcifying dust.
You hit the elephant but do no damage.
The elephant is almost dead.
You slash the komodo dragon! You burn the komodo dragon.
You closely miss the blink frog.
The blink frog is engulfed in calcifying dust.
You block the komodo dragon's attack.
You barely miss the elephant.
The elephant is almost dead.
You barely miss the komodo dragon. You barely miss the blink frog.
The blink frog is engulfed in calcifying dust.
You hit the elephant. You burn the elephant.
The elephant is almost dead.
You hit the komodo dragon. You burn the komodo dragon.
You slash the blink frog! You burn the blink frog.
You kill the blink frog!
Okawaru accepts your kill. The elephant barely misses you.
The elephant misses you.
The blink frog is engulfed in calcifying dust.
You hit the komodo dragon but do no damage.
The komodo dragon is almost dead.
You slash the elephant! You burn the elephant.
You kill the elephant!
Okawaru accepts your kill. The komodo dragon bites you!
You die...

#...##.#.
..............
#...###..
#............
##..## ##.
........... .#...#
#. #........
....... ..
.##.......#........
..P...).....#..
......%%%......
.......@%F.....
.......%l......
.......).......
....<.......F..
...............
...............
...............
...............


You could see a komodo dragon and 2 blink frogs.

Vanquished Creatures
  2 hydras
  A catoblepas (Lair:3)
  2 two-headed ogres (D:10)
  Erica (D:8)
  Lodul (D:10)
  A cyclops (D:10)
  8 elephants (Lair:3)
  A black mamba (Lair:2)
  7 cane toads
  Psyche (D:9)
  Maggie (D:6)
  An unseen horror (D:10)
  3 unseen horror zombies (D:8)
  6 komodo dragons
  A troll (D:10)
  12 blink frogs
  6 dream sheep (Lair:5)
  A wraith (D:10)
  4 wyverns
  40 yaks
  A basilisk (Lair:2)
  3 steam dragons
  9 fire elementals
  4 vampire mosquitoes (D:10)
  An acid dragon (D:8)
  7 water moccasins
  An orc warrior (D:8)
  An ice beast (D:7)
  6 black bears
  4 sky beasts
  7 ogres (D:10)
  8 wolves
  3 centaurs
  A phantom (D:5)
  4 bullfrogs
  6 scorpions
  A gnoll sergeant (D:6)
  A wight (D:10)
  23 killer bees
  2 howler monkeys
  3 centaur zombies (D:8)
  3 gnoll boudas
  2 hounds
  2 jellies
  A sleepcap (D:5)
  Natasha (thrice) (D:2)
  An orc wizard (D:6)
  2 killer bee zombies (D:8)
  14 mummies (Ossuary)
  A howler monkey zombie (D:8)
  8 adders
  27 gnolls
  An ufetubus (D:7)
  3 worms
  3 dart slugs
  14 orcs
  9 ball pythons
  5 endoplasms
  2 giant cockroaches
  7 goblins
  8 hobgoblins
  4 jackals (D:1)
  4 kobolds (D:2)
  3 quokkas
  14 bats
  A frilled lizard (D:1)
  3 gnoll skeletons (Ossuary)
  4 kobold skeletons (Ossuary)
  An orc skeleton (Ossuary)
  5 rats
  11 rat skeletons (Ossuary)
362 creatures vanquished.

Vanquished Creatures (others)
  A black bear (Lair:3)
  A killer bee (D:9)
  An orc wizard (D:8)
3 creatures vanquished.

Grand Total: 365 creatures vanquished

Notes
Turn   | Place    | Note
-------+----------+-------------------------------------------
     0 | D:1      | qw the Gargoyle Cinder Acolyte began the quest for the Orb.
     0 | D:1      | Reached XP level 1. HP: 14/14 MP: 2/2
     0 | D:1      | 0 ||| qw: Version: 0.2-a-94-gb5d2a68
     0 | D:1      | 0 ||| qw: Game counter: 69
     0 | D:1      | 0 ||| qw: Always use a shield: true
     0 | D:1      | 0 ||| qw: God list: Okawaru
     0 | D:1      | 0 ||| qw: Allow faded altars: false
     0 | D:1      | 0 ||| qw: Do Orc after D:15 true
     0 | D:1      | 0 ||| qw: Do second Lair branch before Depths: true
     0 | D:1      | 0 ||| qw: Lair rune preference: random
     0 | D:1      | 0 ||| qw: Plans: Normal
     0 | D:1      | 0 ||| PLANNING D:1-11
    85 | D:1      | Reached skill level 3 in Axes
    87 | D:1      | 87 ||| INVOKING Fiery Armour.
   102 | D:1      | Reached XP level 2. HP: 13/19 MP: 3/3
   279 | D:1      | 279 ||| Stepping ~*~*~tactically~*~*~ (stealth).
   293 | D:1      | 293 ||| INVOKING Fiery Armour.
   394 | D:1      | Reached XP level 3. HP: 23/23 MP: 4/4
   494 | D:1      | 494 ||| UPGRADING to +0 plate armour.
   504 | D:1      | 504 ||| DROPPING +0 robe.
   505 | D:1      | 505 ||| READING scroll labelled UHY EBYNKUNTIYH.
   506 | D:1      | 506 ||| READING 3 scrolls labelled FALOUTWOUMY.
   507 | D:1      | 507 ||| READING scroll labelled YMAURR DETE.
   508 | D:1      | 508 ||| READING 2 scrolls of identify.
   508 | D:1      | 508 ||| IDENTIFYING murky emerald potion
   509 | D:1      | 509 ||| DROPPING potion of attraction.
   526 | D:2      | Noticed Natasha
   527 | D:2      | 527 ||| INVOKING Fiery Armour.
   534 | D:2      | Killed Natasha
   535 | D:2      | 535 ||| STAIRDANCE
   538 | D:1      | Reached XP level 4. HP: 11/28 MP: 5/5
   671 | D:2      | Reached skill level 4 in Axes
   850 | D:2      | 850 ||| Stepping ~*~*~tactically~*~*~ (stealth).
   868 | D:2      | Noticed Natasha
   883 | D:2      | Killed Natasha
   943 | D:2      | 943 ||| Stepping ~*~*~tactically~*~*~ (hiding).
   953 | D:2      | Reached XP level 5. HP: 32/32 MP: 6/6
   956 | D:2      | 956 ||| Stepping ~*~*~tactically~*~*~ (stealth).
   957 | D:2      | Found Ecaceng's Magic Scroll Shoppe.
   962 | D:2      | 962 ||| Stepping ~*~*~tactically~*~*~ (stealth).
   993 | D:2      | 993 ||| SHOPLISTING scroll of acquirement (520 gold, have
                  | 81).
   993 | D:2      | 993 ||| BUYING scroll of enchant armour (75 gold).
   993 | D:2      | Bought a scroll of enchant armour for 75 gold pieces
   993 | D:2      | 993 ||| SHOPLISTING scroll of identify (20 gold, have 6).
   993 | D:2      | 993 ||| SHOPLISTING scroll of teleportation (30 gold, have
                  | 6).
   993 | D:2      | 993 ||| READING scroll of enchant armour.
   993 | D:2      | 993 ||| ENCHANTING +0 plate armour.
  1124 | D:2      | Noticed Natasha
  1125 | D:2      | 1125 ||| Stepping ~*~*~tactically~*~*~ (hiding).
  1134 | D:2      | HP: 7/32 [cerulean imp/+1 spear[Natasha] (5)]
  1135 | D:2      | 1135 ||| INVOKING Fiery Armour.
  1136 | D:2      | HP: 3/32 [Natasha/puff of flame (4)]
  1137 | D:2      | Killed Natasha
  1358 | D:2      | 1358 ||| UPGRADING to amulet of the acrobat.
  1363 | D:2      | 1363 ||| READING scroll labelled QUEM CIUTWE.
  1364 | D:2      | 1364 ||| READING scroll labelled PATOUMIADI.
  1369 | D:2      | 1369 ||| DRINKING 2 black potions.
  1376 | D:2      | 1376 ||| READING 5 scrolls of identify.
  1376 | D:2      | 1376 ||| IDENTIFYING inky potion
  1377 | D:2      | 1377 ||| DROPPING potion of ambrosia.
  1402 | D:3      | Reached skill level 5 in Axes
  1504 | D:3      | Found Xumough's Book Boutique.
  1865 | D:3      | 1865 ||| UPGRADING to +0 cloak.
  1870 | D:3      | 1870 ||| UPGRADING to +0 pair of gloves.
  1875 | D:3      | 1875 ||| UPGRADING to +5 ring of evasion.
  1876 | D:3      | 1876 ||| READING scroll labelled LARGHUJ WAMPORA.
  1877 | D:3      | 1877 ||| READING scroll labelled ACIYMPAPHU.
  1878 | D:3      | 1878 ||| READING 6 scrolls of identify.
  1878 | D:3      | 1878 ||| IDENTIFYING smoky white potion
  1910 | D:4      | Reached skill level 3 in Armour
  1949 | D:4      | 1949 ||| Stepping ~*~*~tactically~*~*~ (stealth).
  2055 | D:4      | Reached XP level 6. HP: 37/37 MP: 7/7
  2305 | D:4      | Noticed a black bear
  2317 | D:4      | 2317 ||| INVOKING Fiery Armour.
  2317 | D:4      | Killed a black bear
  2438 | D:4      | 2438 ||| UPGRADING to +6 ring of strength.
  2439 | D:4      | 2439 ||| READING scroll labelled RAGOATWISIZ.
  2440 | D:4      | 2440 ||| DRINKING 2 lumpy inky potions.
  2441 | D:4      | 2441 ||| READING 8 scrolls of identify.
  2441 | D:4      | 2441 ||| IDENTIFYING sedimented green potion
  2442 | D:4      | 2442 ||| DROPPING potion of flight.
  2456 | D:5      | Entered Level 5 of the Dungeon
  2457 | D:5      | 2457 ||| PLANNING OSSUARY
  2457 | D:5      | 2457 ||| INVOKING Fiery Armour.
  2461 | D:5      | 2461 ||| STAIRDANCE
  2484 | D:5      | 2484 ||| STAIRDANCE
  2588 | D:5      | 2588 ||| INVOKING Fiery Armour.
  2596 | D:5      | 2596 ||| STAIRDANCE
  2825 | D:5      | 2825 ||| Stepping ~*~*~tactically~*~*~ (hiding).
  2827 | D:5      | 2827 ||| INVOKING Fiery Armour.
  2835 | D:5      | Reached XP level 7. HP: 32/44 MP: 8/8
  2900 | D:5      | 2900 ||| SWAPPING to +0 war axe.
  2975 | D:5      | Reached skill level 6 in Axes
  2979 | D:5      | 2979 ||| Stepping ~*~*~tactically~*~*~ (stealth).
  2980 | D:5      | 2980 ||| Stepping ~*~*~tactically~*~*~ (stealth).
  2984 | D:5      | Found a sand-covered staircase.
  2998 | D:5      | 2998 ||| READING 7 scrolls of identify.
  2998 | D:5      | 2998 ||| IDENTIFYING murky grey potion
  2999 | D:5      | 2999 ||| DROPPING potion of magic.
  3007 | Ossuary  | Entered an ossuary
  3211 | Ossuary  | 3211 ||| INVOKING Fiery Armour.
  3334 | Ossuary  | 3334 ||| INVOKING Fiery Armour.
  3509 | Ossuary  | 3509 ||| READING scroll labelled TAWOPS JA KES.
  3510 | Ossuary  | 3510 ||| READING 2 scrolls labelled TEAKKU VIAXOI.
  3511 | Ossuary  | 3511 ||| DRINKING 2 bubbling blue potions.
  3512 | Ossuary  | 3512 ||| READING 8 scrolls of identify.
  3512 | Ossuary  | 3512 ||| IDENTIFYING white potion
  3513 | Ossuary  | 3513 ||| READING 7 scrolls of identify.
  3513 | Ossuary  | 3513 ||| IDENTIFYING lumpy grey potion
  3514 | Ossuary  | 3514 ||| READING 6 scrolls of identify.
  3514 | Ossuary  | 3514 ||| IDENTIFYING cyan potion
  3515 | Ossuary  | 3515 ||| READING 5 scrolls of identify.
  3515 | Ossuary  | 3515 ||| IDENTIFYING green potion
  3516 | Ossuary  | 3516 ||| DROPPING potion of brilliance.
  3517 | Ossuary  | 3517 ||| DROPPING potion of lignification.
  3518 | Ossuary  | 3518 ||| DROPPING potion of berserk rage.
  3519 | Ossuary  | 3519 ||| DROPPING scroll of fog.
  3557 | D:5      | 3557 ||| PLANNING D:1-11
  3699 | D:5      | Reached skill level 7 in Axes
  3699 | D:5      | Reached XP level 8. HP: 48/48 MP: 9/9
  3885 | D:5      | 3885 ||| Stepping ~*~*~tactically~*~*~ (hiding).
  4052 | D:5      | Found an ornate altar of the Wu Jian Council.
  4059 | D:5      | Found a glowing golden altar of the Shining One.
  4142 | D:5      | Found a shimmering blue altar of Sif Muna.
  4240 | D:6      | Reached skill level 1 in Throwing
  4266 | D:6      | 4266 ||| INVOKING Fiery Armour.
  4506 | D:6      | Reached skill level 8 in Axes
  4557 | D:6      | 4557 ||| INVOKING Fiery Armour.
  4565 | D:6      | 4565 ||| DRINKING 7 potions of curing.
  4565 | D:6      | 4565 ||| (to cure confusion)
  4570 | D:6      | Found Caizyzopn's General Store.
  4594 | D:6      | Found a transporter.
  4662 | D:6      | 4662 ||| SHOPLISTING 2 potions of haste (260 gold, have
                  | 236).
  4676 | D:6      | Noticed Maggie
  4688 | D:6      | Killed Maggie
  4689 | D:6      | Reached XP level 9. HP: 42/57 MP: 10/10
  4741 | D:6      | 4741 ||| SWAPPING to +2 war axe of flaming.
  4742 | D:6      | 4742 ||| DROPPING +0 hand axe of flaming.
  4743 | D:6      | 4743 ||| DROPPING +0 war axe.
  4775 | D:6      | 4775 ||| Stepping ~*~*~tactically~*~*~ (hiding).
  4776 | D:6      | 4776 ||| Stepping ~*~*~tactically~*~*~ (hiding).
  4778 | D:6      | 4778 ||| Stepping ~*~*~tactically~*~*~ (hiding).
  4936 | D:6      | Found Duoseyr's General Store.
  4942 | D:6      | 4942 ||| BUYING scroll of identify (30 gold).
  4942 | D:6      | Bought a scroll of identify for 30 gold pieces
  4942 | D:6      | 4942 ||| BUYING scroll of teleportation (45 gold).
  4942 | D:6      | Bought a scroll of teleportation for 45 gold pieces
  4942 | D:6      | 4942 ||| READING scroll of teleportation.
  4990 | D:6      | Found Mylotal's Magic Scroll Shop.
  4993 | D:6      | 4993 ||| BUYING scroll of identify (26 gold).
  4993 | D:6      | Bought a scroll of identify for 26 gold pieces
  4993 | D:6      | 4993 ||| BUYING scroll of teleportation (39 gold).
  4993 | D:6      | Bought a scroll of teleportation for 39 gold pieces
  4993 | D:6      | 4993 ||| READING scroll of teleportation.
  5020 | D:6      | Found a transporter.
  5024 | D:6      | Found Gunk's Weapon Shoppe.
  5031 | D:6      | Found Zissas's Assorted Antiques.
  5066 | D:6      | 5066 ||| SHOPLISTING potion of mutation (152 gold, have
                  | 108).
  5066 | D:6      | 5066 ||| BUYING scroll of identify (38 gold).
  5066 | D:6      | Bought a scroll of identify for 38 gold pieces
  5066 | D:6      | 5066 ||| SHOPLISTING silver ring (95 gold, have 70).
  5066 | D:6      | 5066 ||| SHOPLISTING small zirconium amulet (95 gold, have
                  | 70).
  5105 | D:6      | Identified the +3 leather armour of the Moon {Drain rCorr
                  | Str+7}
  5157 | D:6      | 5157 ||| UPGRADING to +0 helmet.
  5162 | D:6      | 5162 ||| UPGRADING to +0 buckler.
  5167 | D:6      | 5167 ||| UPGRADING to +1 pair of boots.
  5172 | D:6      | 5172 ||| READING scroll labelled SEONIRUGET.
  5236 | D:7      | You fall into a shaft and drop 3 floors!
  5236 | D:10     | Entered Level 10 of the Dungeon
  5263 | D:10     | Noticed a troll
  5273 | D:10     | Killed a troll
  5283 | D:9      | Noticed Psyche
  5295 | D:9      | Killed Psyche
  5296 | D:9      | Reached skill level 6 in Armour
  5421 | D:9      | 5421 ||| Stepping ~*~*~tactically~*~*~ (stealth).
  5423 | D:9      | 5423 ||| Stepping ~*~*~tactically~*~*~ (stealth).
  5430 | D:9      | Reached skill level 9 in Axes
  5445 | D:9      | Reached XP level 10. HP: 40/63 MP: 11/11
  5474 | D:9      | Reached skill level 10 in Axes
  5613 | D:9      | 5613 ||| READING scroll labelled QUATTEICUI.
  5654 | D:9      | 5654 ||| READING scroll labelled WUETAG NAIJ.
  5749 | D:8      | 5749 ||| READING scroll of teleportation.
  5766 | D:8      | Identified the ring of Demons {rElec rC- MP+9 Str-2 Stlth+}
  5799 | D:7      | 5799 ||| Stepping ~*~*~tactically~*~*~ (stealth).
  5813 | D:7      | Reached skill level 1 in Dodging
  5932 | D:7      | Found a staircase to the Ecumenical Temple.
  5937 | D:7      | 5937 ||| Stepping ~*~*~tactically~*~*~ (hiding).
  5940 | D:7      | 5940 ||| Stepping ~*~*~tactically~*~*~ (hiding).
  6457 | D:7      | 6457 ||| DROPPING ring of Demons {rElec rC- MP+9 Str-2
                  | Stlth+}.
  6458 | D:7      | 6458 ||| DROPPING ring of positive energy.
  6459 | D:7      | 6459 ||| READING 3 scrolls labelled YZUPAO OGYORACK.
  6460 | D:7      | 6460 ||| DROPPING 2 scrolls of magic mapping.
  6567 | D:8      | 6567 ||| Stepping ~*~*~tactically~*~*~ (hiding).
  6568 | D:8      | 6568 ||| Stepping ~*~*~tactically~*~*~ (hiding).
  6582 | D:8      | 6582 ||| Stepping ~*~*~tactically~*~*~ (hiding).
  6583 | D:8      | 6583 ||| Stepping ~*~*~tactically~*~*~ (hiding).
  6584 | D:8      | 6584 ||| Stepping ~*~*~tactically~*~*~ (hiding).
  6585 | D:8      | 6585 ||| Stepping ~*~*~tactically~*~*~ (hiding).
  6602 | D:8      | 6602 ||| Stepping ~*~*~tactically~*~*~ (stealth).
  6630 | D:8      | 6630 ||| Stepping ~*~*~tactically~*~*~ (hiding).
  6633 | D:8      | 6633 ||| Stepping ~*~*~tactically~*~*~ (hiding).
  6762 | D:8      | Found a sacrificial altar of Ru.
  6836 | D:8      | Noticed Erica
  6850 | D:8      | 6850 ||| DRINKING 9 potions of curing.
  6850 | D:8      | 6850 ||| (to cure confusion)
  6853 | D:8      | HP: 15/64 [something (3)]
  6854 | D:8      | 6854 ||| DRINKING 3 potions of heal wounds.
  6861 | D:8      | HP: 9/64 [something (10)]
  6862 | D:8      | 6862 ||| DRINKING 2 potions of heal wounds.
  6863 | D:8      | HP: 2/64 [something (3)]
  6864 | D:8      | 6864 ||| DRINKING 8 potions of curing.
  6864 | D:8      | 6864 ||| (to cure confusion)
  6865 | D:8      | 6865 ||| DRINKING potion of heal wounds.
  6867 | D:8      | 6867 ||| Stepping ~*~*~tactically~*~*~ (stealth).
  6873 | D:8      | 6873 ||| DRINKING 7 potions of curing.
  6873 | D:8      | 6873 ||| (to cure confusion)
  6891 | D:8      | Killed Erica
  7055 | D:8      | Reached XP level 11. HP: 64/68 MP: 12/12
  7077 | D:8      | 7077 ||| UPGRADING to +2 pair of boots.
  7087 | D:8      | 7087 ||| DROPPING +1 pair of boots.
  7221 | D:8      | Found a basalt altar of Yredelemnul.
  7254 | D:8      | 7254 ||| PLANNING TEMPLE
  7300 | Temple   | Entered the Ecumenical Temple
  7313 | Temple   | 7313 ||| PLANNING OKAWARU WORSHIP
  7406 | Temple   | Fell from the grace of Ignis
  7406 | Temple   | Became a worshipper of Warmaster Okawaru
  7407 | Temple   | 7407 ||| PLANNING D:1-11
  7470 | D:9      | 7470 ||| Stepping ~*~*~tactically~*~*~ (stealth).
  7807 | D:9      | Reached skill level 11 in Axes
  7861 | D:9      | 7861 ||| Stepping ~*~*~tactically~*~*~ (stealth).
  7912 | D:9      | Found the +11 Singing Sword {sonic wave}
  8078 | D:9      | 8078 ||| Stepping ~*~*~tactically~*~*~ (hiding).
  8102 | D:9      | Found a staircase to the Orcish Mines.
  8275 | D:10     | Noticed a two-headed ogre
  8276 | D:10     | 8276 ||| Stepping ~*~*~tactically~*~*~ (stealth).
  8277 | D:10     | 8277 ||| Stepping ~*~*~tactically~*~*~ (stealth).
  8285 | D:10     | Killed a two-headed ogre
  8314 | D:10     | Reached * piety under Okawaru
  8315 | D:10     | Reached skill level 9 in Fighting
  8369 | D:10     | Noticed a cyclops
  8370 | D:10     | 8370 ||| Stepping ~*~*~tactically~*~*~ (hiding).
  8380 | D:10     | 8380 ||| INVOKING Heroism.
  8390 | D:10     | Killed a cyclops
  8391 | D:10     | Reached skill level 9 in Armour
  8399 | D:10     | 8399 ||| Stepping ~*~*~tactically~*~*~ (stealth).
  8401 | D:10     | 8401 ||| Stepping ~*~*~tactically~*~*~ (stealth).
  8457 | D:10     | 8457 ||| INVOKING Heroism.
  8470 | D:10     | 8470 ||| INVOKING Heroism.
  8488 | D:10     | 8488 ||| Stepping randomly (disturbance).
  8500 | D:10     | 8500 ||| INVOKING Heroism.
  8621 | D:10     | 8621 ||| READING scroll of teleportation.
  8633 | D:10     | 8633 ||| INVOKING Heroism.
  8764 | D:10     | Found a staircase to the Lair.
  8838 | D:10     | Found a radiant altar of Vehumet.
  8856 | D:10     | Reached skill level 1 in Invocations
  8918 | D:10     | 8918 ||| INVOKING Heroism.
  9288 | D:10     | 9288 ||| Stepping ~*~*~tactically~*~*~ (stealth).
  9290 | D:10     | 9290 ||| Stepping ~*~*~tactically~*~*~ (stealth).
  9291 | D:10     | Noticed Lodul
  9292 | D:10     | 9292 ||| Stepping ~*~*~tactically~*~*~ (hiding).
  9318 | D:10     | Killed Lodul
  9319 | D:10     | Reached skill level 3 in Invocations
  9330 | D:10     | Reached ** piety under Okawaru
  9331 | D:10     | Reached skill level 12 in Axes
  9421 | D:10     | Noticed a two-headed ogre
  9422 | D:10     | 9422 ||| INVOKING Heroism.
  9433 | D:10     | Killed a two-headed ogre
  9434 | D:10     | Reached skill level 6 in Shields
  9473 | D:10     | 9473 ||| PLANNING LAIR
  9506 | Lair:1   | Entered Level 1 of the Lair of Beasts
  9542 | Lair:1   | You fall into a shaft and drop 1 floor!
  9543 | Lair:2   | 9543 ||| Stepping ~*~*~tactically~*~*~ (stealth).
  9633 | Lair:2   | 9633 ||| INVOKING Heroism.
  9714 | Lair:2   | 9714 ||| INVOKING Heroism.
  9769 | Lair:2   | Noticed a five-headed hydra
  9770 | Lair:2   | 9770 ||| INVOKING Heroism.
  9776 | Lair:2   | Killed a one-headed hydra
  9777 | Lair:2   | Reached XP level 12. HP: 76/77 MP: 12/15
  9855 | Lair:2   | 9855 ||| Stepping ~*~*~tactically~*~*~ (stealth).
  9921 | Lair:2   | 9921 ||| INVOKING Heroism.
  9970 | Lair:1   | Reached *** piety under Okawaru
 10023 | Lair:1   | 10023 ||| INVOKING Heroism.
 10210 | Lair:1   | 10210 ||| INVOKING Heroism.
 10212 | Lair:1   | 10212 ||| Stepping ~*~*~tactically~*~*~ (cloud).
 10213 | Lair:1   | 10213 ||| Stepping ~*~*~tactically~*~*~ (hiding).
 10214 | Lair:1   | 10214 ||| Stepping ~*~*~tactically~*~*~ (hiding).
 10269 | Lair:1   | 10269 ||| Stepping ~*~*~tactically~*~*~ (stealth).
 10270 | Lair:1   | 10270 ||| Stepping ~*~*~tactically~*~*~ (stealth).
 10355 | Lair:1   | Reached skill level 13 in Axes
 10682 | Lair:1   | 10682 ||| INVOKING Heroism.
 10747 | Lair:1   | 10747 ||| INVOKING Heroism.
 10920 | Lair:1   | 10920 ||| READING scroll of teleportation.
 11083 | Lair:1   | You fall into a shaft and drop 1 floor!
 11095 | Lair:2   | Reached skill level 3 in Throwing
 11108 | Lair:2   | 11108 ||| INVOKING Heroism.
 11191 | Lair:2   | 11191 ||| DRINKING 2 glowing sapphire potions.
 11192 | Lair:2   | 11192 ||| DROPPING potion of degeneration.
 11585 | Lair:2   | You fall into a shaft and drop 1 floor!
 11613 | Lair:3   | 11613 ||| Stepping ~*~*~tactically~*~*~ (stealth).
 11637 | Lair:3   | 11637 ||| Stepping ~*~*~tactically~*~*~ (stealth).
 11649 | Lair:3   | 11649 ||| INVOKING Heroism.
 11665 | Lair:3   | 11665 ||| Stepping ~*~*~tactically~*~*~ (stealth).
 11678 | Lair:3   | You fall into a shaft and drop 2 floors!
 11678 | Lair:5   | Entered Level 5 of the Lair of Beasts
 11678 | Lair:5   | Was forgiven by Ignis
 11701 | Lair:5   | Reached **** piety under Okawaru
 11731 | Lair:5   | 11731 ||| UPGRADING to amulet of reflection.
 11741 | Lair:5   | 11741 ||| DROPPING amulet of the acrobat.
 11789 | Lair:4   | 11789 ||| Stepping ~*~*~tactically~*~*~ (stealth).
 11802 | Lair:4   | 11802 ||| INVOKING Heroism.
 11804 | Lair:4   | Reached skill level 14 in Axes
 11869 | Lair:4   | 11869 ||| Stepping ~*~*~tactically~*~*~ (stealth).
 11870 | Lair:4   | 11870 ||| Stepping ~*~*~tactically~*~*~ (stealth).
 11884 | Lair:4   | 11884 ||| INVOKING Heroism.
 11903 | Lair:4   | Reached XP level 13. HP: 70/82 MP: 16/16
 12054 | Lair:4   | 12054 ||| INVOKING Heroism.
 12080 | Lair:4   | Reached skill level 6 in Invocations
 12086 | Lair:3   | 12086 ||| INVOKING Heroism.
 12109 | Lair:3   | Reached ***** piety under Okawaru
 12109 | Lair:3   | HP: 17/84 [catoblepas (20)]
 12110 | Lair:3   | 12110 ||| INVOKING Finesse.
 12115 | Lair:3   | HP: 4/84 [cane toad (9)]
 12117 | Lair:3   | Received a gift from Okawaru
 12123 | Lair:3   | Mangled by a komodo dragon

Levels and vault maps discovered:
D:1:      mainiacjoe_arrival_reflecting_pool, layout_basic,
          minmay_misc_feat_doors
D:2:      layout_rooms, serial_shops, shop, dk_vineyard_2, uniq_natasha
D:3:      layout_rooms, serial_shops, shop, chequers_serial_rivers_micro_a
D:4:      layout_basic
D:5:      layout_loops_ring, lemuel_coloured_pillars_altar,
          mainiacjoe_overflow_big_doors, enter_ossuary_1,
          nicolae_elevator_lobby_asterisk
D:6:      layout_basic, serial_shops, shop, shop, nicolae_shop_drivethru,
          nicolae_shop_hallway_plus, nicolae_shop_tiny_real_fake_doors,
          uniq_maggie
D:7:      layout_basic, minmay_temple_entry_large_hall,
          chequers_decorated_corner
D:8:      layout_rooms, nicolae_yredelemnul_corpse_copse,
          nicolae_ru_path_of_blood, enter_bailey_4, uniq_erica
D:9:      old_forge, layout_basic, orc_0_dummy, uniq_psyche
D:10:     layout_roguey, lemuel_crystal_altar, due_lair_maze_entry_diamond,
          uniq_lodul
Temple:   kb_temple_of_zot
Lair:1:   layout_layer_cave, chequers_serial_rivers_micro_a,
          infiniplex_staircase_pool
Lair:2:   layout_roguey, grunt_forest_stairs_basic,
          chequers_serial_rivers_micro_e, grunt_megastairs_3
Lair:3:   layout_gridlike, minmay_swamp_entry_swarm,
          hellmonk_spider_entry_life_and_decay
Lair:4:   layout_hall_layers, slime_entry_1, grunt_megastairs_1
Lair:5:   minmay_lair_end_enchanted_forest, layout_gridlike,
          gammafunk_lair_bear_cave

Skill      XL: |  1  2  3  4  5  6  7  8  9 10 11 12 13 |
---------------+----------------------------------------+-----
Axes           | 3 4 5 7 8 9 10 12 14 | 14.0
Armour         | 2 3 4 5 7 8 9 10 | 10.2
Fighting       | 4 7 8 10 11 | 11.0
Throwing       | 1 3 |  3.0
Shields        | 4 5 6 7 |  7.2
Dodging        | 1 |  1.1
Invocations    | 4 5 7 |  7.9
Spellcasting   | |  1.0
Fire Magic     | |  3.0

Action                     |  1- 3 |  4- 6 |  7- 9 | 10-12 | 13-15 || total
---------------------------+-------+-------+-------+-------+-------++-------
  Melee: Hand axe          |    59 |   167 |     4 |       |       ||   230
         War axe           |       |       |   284 |   567 |    55 ||   906
         Punch             |       |       |     7 |       |       ||     7
  Throw: Boomerang         |       |    42 |    81 |   108 |    11 ||   242
 Invoke: Fiery Armour      |     3 |     5 |     4 |       |       ||    12
         Heroism           |       |       |       |    19 |     2 ||    21
         Finesse           |       |       |       |       |     1 ||     1
    Use: Scroll            |     4 |     9 |    10 |     6 |       ||    29
         Potion            |       |     2 |     2 |     7 |       ||    11
   Stab: Petrified         |       |       |       |       |     8 ||     8
         Petrifying        |       |       |       |       |     2 ||     2
 Armour: Robe              |    24 |       |       |       |       ||    24
         Plate armour      |     7 |   113 |   169 |   376 |    72 ||   737
  Dodge: Dodged            |    30 |    70 |   207 |   410 |    46 ||   763
  Block: Buckler           |       |       |    13 |   130 |    47 ||   190

Table legend:
 A = Non-vault XP
 B = Vault XP
 C = Vault XP percentage of total XP
 D = Non-vault monster count
 E = Vault monster count
 F = Vault count percentage of total count
                 A         B        C        D         E       F
            +---------+---------+-------+---------+---------+-------
      Total |   33480 |    9304 |  21.7 |     259 |      97 |  27.2
            +---------+---------+-------+---------+---------+-------
        D:1 |      45 |       0 |   0.0 |      25 |       0 |   0.0
        D:2 |     137 |      35 |  20.3 |      24 |       1 |   4.0
        D:3 |      22 |       0 |   0.0 |       5 |       0 |   0.0
        D:4 |     274 |       0 |   0.0 |      12 |       0 |   0.0
        D:5 |     607 |       0 |   0.0 |      20 |       0 |   0.0
        D:6 |    1274 |     389 |  23.4 |      30 |       1 |   3.2
        D:7 |    1080 |       0 |   0.0 |      13 |       0 |   0.0
        D:8 |     692 |    2095 |  75.2 |      16 |      15 |  48.4
        D:9 |    2462 |     702 |  22.2 |      24 |      13 |  35.1
       D:10 |    3866 |    3126 |  44.7 |      11 |      19 |  63.3
     Lair:1 |    3791 |       0 |   0.0 |      15 |       0 |   0.0
     Lair:2 |    4756 |    1118 |  19.0 |      18 |       6 |  25.0
     Lair:3 |    9938 |       0 |   0.0 |      29 |       0 |   0.0
     Lair:4 |    3054 |    1209 |  28.4 |      11 |       6 |  35.3
     Lair:5 |    1482 |     356 |  19.4 |       6 |       3 |  33.3
    Ossuary |       0 |     274 | 100.0 |       0 |      33 | 100.0
            +---------+---------+-------+---------+---------+-------
